AoeStats
← INOX

Arena

510570429Analyzed
1v1 RM · 1d ago on Oct 1, 2026· 49m 48s· 2 players
Game mode
Random Map
Map size
Tiny (2 player)
Population
200
Speed
Normal
Resources
Standard
Victory
Conquest
Starting age
Dark Age
Ending age
Imperial Age
RankedLock teamsTeams togetherTeam positionsShared explorationLock speedFull tech treeHidden civsTurbo modeCheats
Victory
Defeat
🇪🇸 Gurjaras · Spain
855
+16
🇫🇷 Japanese · France
863
-26
TharThril
10:18 Feudal Age
10:45 Loom
12:34 Double-Bit Axe
18:41 Castle Age
17:30 Horse Collar
19:39 Bow Saw
19:37 Heavy Plow
21:31 Forging
21:22 Scale Mail Armor
25:03 Iron Casting
24:43 Chain Mail Armor
27:42 Kshatriyas
28:07 Gold Mining
31:38 Imperial Age
30:01 Gold Shaft Mining
30:20 Fortified Wall
33:03 Conscription
33:29 Crop Rotation
34:05 Treadmill Crane
34:46 Ballistics
35:28 Chemistry
34:16 Elite Chakram Thrower
35:48 Wheelbarrow
34:58 Town Watch
36:07 Plate Mail Armor
37:30 Fletching
38:12 Hand Cart
39:33 Ballistics
39:44 Town Patrol
41:49 Masonry
42:18 Hoardings
INOX
0:59 Loom
12:43 Feudal Age
13:13 Horse Collar
13:22 Double-Bit Axe
13:36 Gold Mining
16:41 Wheelbarrow
20:01 Castle Age
17:43 Man-at-Arms
18:27 Scale Mail Armor
18:41 Forging
20:35 Scale Mail Armor
21:06 Bow Saw
20:48 Gambesons
20:51 Arson
24:11 Long Swordsman
27:20 Gold Shaft Mining
26:36 Town Watch
26:45 Stone Mining
29:44 Heavy Plow
30:19 Hand Cart
30:05 Town Patrol
30:58 Squires
33:32 Chain Mail Armor
33:53 Iron Casting
32:45 Pikeman
34:48 Yasama
37:49 Imperial Age
35:56 Fortified Wall
36:07 Ballistics
35:38 Guard Tower
37:04 Masonry
36:35 Treadmill Crane
36:52 Murder Holes
37:55 Two-Handed Swordsman
39:41 Plate Mail Armor
40:12 Blast Furnace
40:13 Conscription
41:13 Two-Man Saw
41:08 Keep
41:08 Kataparuto
41:09 Elite Samurai
42:29 Hoardings
42:43 Arrowslits
43:58 Chemistry
44:42 Conscription
44:09 Onager
44:29 Champion
Connection lost

Rejoining the realm…

Still unreachable

The connection could not be restored.

Session expired

The server has moved on; the page needs a fresh start.